 Dungeon Crawl Stone Soup version 0.26.1-11-gd32895ea62 (webtiles) character file.

Game seed: 9055938729870804136

712 Nashmann71 the Skirmisher (level 7, -2/61 (63) HPs)
             Began as a Minotaur Berserker on Sept 20, 2021.
             Was a Believer of Trog.
             Slain by a wight
             ... wielding a +3 halberd
              (9 damage)
             ... on level 5 of the Dungeon on Sept 21, 2021.
             The game lasted 00:17:15 (4547 turns).

Nashmann71 the Skirmisher (Minotaur Berserker)      Turns: 4547, Time: 00:17:16

HP:   -2/61 (63)    AC:  7    Str: 23    XL:     7   Next: 41%
MP:   6/6           EV: 11    Int:  4    God:    Trog [**....]
Gold: 153           SH:  0    Dex: 10    Spells: 6/6 levels left

rFire    . . .     SeeInvis .   p - +0 flail (venom)
rCold    . . .     Faith    .   (no shield)
rNeg     . . .     Spirit   .   q - +0 scale mail
rPois    .         Reflect  .   (helmet restricted)
rElec    .         Harm     .   D - scarf {repulsion}
rCorr    +         Rampage  .   (no gloves)
Will     .....                  (no boots)
Stlth    ..........             (no amulet)
HPRegen  0.20/turn              i - ring of resist corrosion
MPRegen  0.10/turn              (no ring)

@: lightly drained, repel missiles
A: retaliatory headbutt, horns 2
a: Renounce Religion, Berserk, Trog's Hand


You were on level 5 of the Dungeon.
You worshipped Trog.
Trog was pleased with you.
You visited 1 branch of the dungeon, and saw 5 of its levels.

You collected 153 gold pieces.

Inventory:

Hand Weapons
 a - a +0 falchion
 h - a +0 dagger
 p - a +0 flail of venom (weapon)
 r - a +2 quarterstaff of chaos
Missiles
 t - 97 stones
 A - 33 poisoned darts
Armour
 b - a +0 animal skin
 n - a +0 helmet
 q - a +0 scale mail (worn)
 s - a +0 cloak of willpower
 y - the +0 leather armour of Ittoj {+Blink, unknown}
   (You found it on level 4 of the Dungeon)

   It lets you blink.
 z - a cursed +0 pair of gloves
 D - a scarf of repulsion (worn)
Jewellery
 i - a ring of resist corrosion (left hand)
 E - an uncursed amulet of the acrobat {unknown}
Wands
 B - a wand of paralysis (10)
Scrolls
 c - 7 scrolls of identify {unknown}
 d - 4 scrolls of teleportation {unknown}
 e - 2 scrolls of random uselessness {unknown}
 f - a scroll of enchant weapon {unknown}
 j - 2 scrolls of remove curse {unknown}
 l - 2 scrolls of enchant armour {unknown}
 u - a scroll of amnesia {unknown}
 v - 3 scrolls of fog {unknown}
 x - 2 scrolls of blinking {unknown}
Potions
 g - a potion of lignification {unknown}
 k - a potion of mutation {unknown}
 m - a potion of curing {unknown}
 o - a potion of flight {unknown}
 w - a potion of might {unknown}
 C - a potion of attraction {unknown}
 F - a potion of cancellation {unknown}


   Skills:
 + Level 6.1 Fighting
 + Level 5.9 Long Blades
 + Level 4.4 Maces & Flails
 + Level 4.2 Armour
 + Level 3.4 Dodging
 + Level 1.5 Stealth


You had 6 spell levels left.
You didn't know any spells.
Your spell library was empty.

Dungeon Overview and Level Annotations

Branches:
Dungeon (5/15)
 Temple: D:4-7

Altars:
Sif Muna

Shops:
D:5 =


Innate Abilities, Weirdness & Mutations

You reflexively headbutt those who attack you in melee.
You have a pair of horns on your head.


Message History

You furiously retaliate!
You headbutt the worker ant.
You hit the worker ant but do no damage.
The worker ant looks as sick as possible!
The worker ant is heavily wounded.
The wight hits you from afar with a +3 halberd.
* * * LOW HITPOINT WARNING * * *
The worker ant bites you but does no damage.
You barely miss the worker ant. Your headbutt misses the worker ant.
The worker ant is almost dead.
You kill the worker ant!
Trog accepts your kill. The wight hits you but does no damage.
The wight barely misses you.
Items here: ))) [[ ††.
The wight hits you from afar with a +3 halberd!
* * * LOW HITPOINT WARNING * * *
You feel drained.
* * * LOW HITPOINT WARNING * * *
The wight hits you with a +3 halberd!
You die...

...............
.............#
..........$..#
.......<....#
...........##
∩.........##
..........#
.........?####
.#######..z@.#
#####...#
###....# ###.#
#


You could see a wight.

Vanquished Creatures
  2 ogres
  A phantom (D:4)
  2 wights (D:5)
  Crazy Yiuf (D:2)
  2 hounds (D:4)
  Terence (D:2)
  3 worker ants
  A hound zombie (D:3)
  3 gnolls (D:2)
  7 adders
  A white imp (D:5)
  An ooze (D:2)
  An ufetubus (D:5)
  A worm (D:2)
  2 dart slugs
  A leopard gecko (D:1)
  An orc (D:3)
  5 giant cockroaches
  4 goblins
  5 hobgoblins
  9 jackals
  3 quokkas
  A ball python (D:2)
  7 bats
  6 frilled lizards
  4 kobolds
  10 rats
85 creatures vanquished.

Notes
Turn   | Place    | Note
-------+----------+-------------------------------------------
     0 | D:1      | Nashmann71 the Minotaur Berserker began the quest for the
                  | Orb.
     0 | D:1      | Reached XP level 1. HP: 19/19 MP: 0/0
   583 | D:1      | Reached skill level 4 in Fighting
   623 | D:1      | Reached XP level 2. HP: 23/27 MP: 1/1
   955 | D:2      | Reached XP level 3. HP: 8/34 MP: 2/2
   955 | D:2      | HP: 1/34 [gnoll/+0 club (7)]
  1655 | D:2      | Reached XP level 4. HP: 40/41 MP: 3/3
  1812 | D:2      | Reached ** piety under Trog
  1943 | D:2      | Reached skill level 5 in Fighting
  1943 | D:2      | Reached skill level 5 in Long Blades
  2304 | D:2      | Noticed Terence
  2312 | D:2      | Killed Terence
  2313 | D:2      | Reached XP level 5. HP: 38/48 MP: 4/4
  2554 | D:2      | Found a runed translucent door.
  2555 | D:2      | Noticed Crazy Yiuf
  2779 | D:2      | Killed Crazy Yiuf
  3106 | D:3      | Noticed an ogre
  3123 | D:3      | Killed an ogre
  3124 | D:3      | Reached skill level 1 in Maces & Flails
  3124 | D:3      | Reached XP level 6. HP: 57/57 MP: 5/5
  3165 | D:3      | Found a shimmering blue altar of Sif Muna.
  3624 | D:4      | Got a translucent leather armour
  3667 | D:4      | Reached skill level 1 in Stealth
  4517 | D:5      | Entered Level 5 of the Dungeon
  4517 | D:5      | Found Bafupp's Jewellery Boutique.
  4532 | D:5      | Reached XP level 7. HP: 30/62 MP: 6/6
  4534 | D:5      | Reached skill level 6 in Fighting
  4547 | D:5      | Slain by a wight

Illustrated notes

Levels and vault maps discovered:
D:1:      shiori_arrival_maze, layout_loops_corners
D:2:      layout_loops_corners, uniq_terence, uniq_crazy_yiuf_cottage
D:3:      layout_basic, lemuel_blue_sif_altar
D:4:      layout_basic, minivault_11
D:5:      cheibrodos_two_vegetables, layout_rooms, serial_shops, shop, shop,
          shop

Skill      XL: |  1  2  3  4  5  6  7 |
---------------+----------------------+-----
Fighting       | 4 5 6 |  6.1
Long Blades    | 4 5 |  5.9
Maces & Flails | 1 3 4 |  4.4
Armour         | 3 4 |  4.2
Dodging        | 3 |  3.4
Stealth        | 1 |  1.5

Action                   |  1- 3 |  4- 6 |  7- 9 || total
-------------------------+-------+-------+-------++-------
Melee: Falchion          |    55 |    44 |       ||    99
       Headbutt          |     6 |    18 |     5 ||    29
       Flail             |       |    86 |    12 ||    98
Armor: Animal skin       |     8 |     5 |       ||    13
       Scale mail        |       |    49 |     5 ||    54
Dodge: Dodged            |    30 |    86 |     8 ||   124
       Rpst.: Falchion   |     5 |     9 |       ||    14
